 Dungeon Crawl Stone Soup version 0.29-a0-284-gf9362112df (webtiles) character file.

Game seed: 9966283169061428070

172 spaghetti the Magician (level 5, -2/35 HPs)
             Began as a Djinni Conjurer on Mar 29, 2022.
             Slain by a kobold brigand
             ... wielding a +0 short sword
              (3 damage)
             ... in a sewer.
             The game lasted 00:04:15 (2526 turns).

spaghetti the Magician (Djinni Conjurer)            Turns: 2526, Time: 00:04:16

Health: -2/35      AC:  3    Str:  6    XL:     5   Next: 82%
Gold:   126        EV: 12    Int: 22    God:
                   SH:  0    Dex: 11

rFire   + + .      SeeInvis .   p - +0 spear {polearm}
rCold   x . .      Faith    .   (no shield)
rNeg    . . .      Spirit   .   a - +0 robe
rPois   ∞          Reflect  .   n - +0 helmet
rElec   .          Harm     .   (no cloak)
rCorr   .          Rampage  .   (no gloves)
Will    .....                   (boots unavailable)
Stlth   ++........              (no amulet)
HPRegen 0.11/turn               (no ring)
MPRegen 0.00/turn               (no ring)

@: flying
A: sickness immunity, fire resistance 2, cold vulnerability 1, float, innate
caster, HP casting, extra vitality 1
a: no special abilities


You were in a sewer.
You visited 1 branch of the dungeon, and saw 3 of its levels.
You also visited: Sewer.

You collected 126 gold pieces.


Innate Abilities, Weirdness & Mutations

You are immune to sickness and miasma.
You are immune to poison.
Your flesh is very heat resistant. (rF++)
You are vulnerable to cold. (rC-)
You float through the air rather than walking.
You learn spells naturally, not from books.
Your magical power is your life essence.
You have superior vitality. (+4 MHP)


   Skills:
 + Level 2.8 Polearms
 - Level 2.1 Dodging
 - Level 1.5 Stealth
 + Level 4.3 Spellcasting


You couldn't memorise any spells.
You knew the following spells:

 Your Spells              Type           Power      Damage    Failure   Level
a - Magic Dart            Conj           92%        1d7       1%          1
b - Searing Ray           Conj           46%        2d6       2%          2
c - Dazzling Flash        Conj/Hex       46%        N/A       5%          3
d - Fulminant Prism       Conj/Hex       11%        3d9       19%         4
e - Iskenderun's Mystic   Conj/Tloc      23%        2d6       19%         4
f - Summon Small Mammal   Summ           92%        N/A       1%          1
g - Ensorcelled Hibernat  Hex/Ice        46%        N/A       2%          2
Your spell library was empty.

Inventory:

Hand Weapons
 c - a +0 short sword {short}
   (You took it off a kobold on level 1 of the Dungeon)
 d - a +0 short sword {short}
   (You took it off a kobold on level 1 of the Dungeon)
 e - a +0 club {mace}
   (You took it off a goblin on level 1 of the Dungeon)
 f - a +0 whip {mace}
   (You found it on level 1 of the Dungeon)
 i - a +0 dagger {short}
   (You took it off a kobold on level 1 of the Dungeon)
 m - a +0 club {mace}
   (You found it on level 1 of the Dungeon)
 o - a +0 dagger {short}
   (You took it off a goblin on level 2 of the Dungeon)
 p - a +0 spear (weapon) {polearm}
   (You found it on level 2 of the Dungeon)
 y - a +1 dagger of freezing {short}
   (You found it on level 2 of the Dungeon)
Missiles
 b - 123 stones {throwing}
 w - 6 boomerangs {throwing}
Armour
 a - a +0 robe (worn)
 n - a +0 helmet (worn)
   (You found it on level 1 of the Dungeon)
Jewellery
 s - a ring of flight
   (You found it on level 2 of the Dungeon)
Scrolls
 g - a scroll of magic mapping {unknown}
 h - 4 scrolls of identify {unknown}
 l - 3 scrolls of teleportation {unknown}
 q - a scroll of vulnerability {unknown}
Potions
 j - a potion of lignification {unknown}
 k - 3 potions of heal wounds {unknown}
 r - 2 potions of invisibility {unknown}
 t - a potion of attraction {unknown}
 u - 3 potions of curing {unknown}
 v - 2 potions of ambrosia {unknown}
 x - a potion of flight {unknown}

Dungeon Overview and Level Annotations

Branches:
Dungeon (3/15)              Sewer (1/1)

Altars:

Shops:
D:1

( #...#≈≈≈#
#∩∩.#≈≈≈#
#...'≈≈≈#
######≈≈≈#
#....#≈≈≈#
#.!∩.#≈≈≈#
#....#≈≈≈#
#!)K)#≈≈≈#
##'@##≈≈≈#
#....#≈≈≈#
###...≈#≈≈≈#
#....≈≈≈≈≈≈#
##...†≈≈≈≈≈#
#...≈P#≈≈≈#
#....≈≈#≈≈≈#
#......#≈≈≈#
#......#≈≈≈≈≈


You could see a kobold brigand.


Message History

There are monsters nearby!
The magic dart hits the kobold.
The kobold closely misses you. 😕 HP[-1]
You take 1 damage, and now have 34/35 hp.
Casting: Magic Dart (safe; 2% risk of failure)
Confirm with . or Enter, or press ? or * to list all spells.
The spell is extremely dangerous to miscast (22% risk of failure)!
Continue anyway?
You miscast Iskenderun's Mystic Blast.
You are very lightly contaminated with residual magic.
Nothing appears to happen.
The kobold hits you but does no damage. 😕 HP[-4]
You take 4 damage, and now have 30/35 hp.
Unknown command.
Casting: Iskenderun's Mystic Blast (extremely dangerous; 22% risk of failure)
Confirm with . or Enter, or press ? or * to list all spells.
The spell is extremely dangerous to miscast (22% risk of failure)!
Continue anyway?
You erupt in a blast of force!
The mystic blast hits the kobold!
You kill the kobold!
The mystic blast hits the kobold brigand.
The kobold brigand is knocked back by the mystic blast.
The kobold brigand collides with the kobold!
The mystic blast hits the kobold!
You kill the kobold!
The mystic blast hits the kobold!
You kill the kobold!
The mystic blast hits the plant.
The plant begins to die. 😮 HP[-4]
You take 4 damage, and now have 26/35 hp.
Unknown command.
Unknown command.
Casting: Iskenderun's Mystic Blast (extremely dangerous; 21% risk of failure)
Confirm with . or Enter, or press ? or * to list all spells.
The spell is extremely dangerous to miscast (21% risk of failure)!
Continue anyway?
You erupt in a blast of force!
The mystic blast hits the kobold.
You kill the kobold!
The mystic blast hits the kobold brigand.
The kobold brigand is knocked back by the mystic blast.
The mystic blast hits the kobold brigand!
The kobold brigand is knocked back by the mystic blast.
The mystic blast hits the plant.
The kobold brigand throws a poisoned dart.
The poisoned dart misses you. 😮 HP[-4]
You take 4 damage, and now have 22/35 hp.
Unknown command.
There is a large open door here.
Things that are here:
a +2 whip of venom {mace}; a kobold corpse
Casting: Iskenderun's Mystic Blast (extremely dangerous; 21% risk of failure)
Confirm with . or Enter, or press ? or * to list all spells.
The spell is extremely dangerous to miscast (21% risk of failure)!
Continue anyway?
You erupt in a blast of force!
The mystic blast hits the plant!
The mystic blast hits the kobold brigand!
The kobold brigand is knocked back by the mystic blast.
The mystic blast hits the kobold brigand!
The kobold brigand is knocked back by the mystic blast.
The kobold brigand slams into the stone wall!
You kill the kobold brigand!
A nearby plant withers and dies. 😮 HP[-4]
You take 4 damage, and now have 18/35 hp.
Unknown command.
Unknown command.
You hit the kobold brigand but do no damage. 😮 HP[+1]
You barely miss the kobold brigand. The kobold brigand barely misses you.
You hit the kobold brigand but do no damage.
The kobold brigand hits you with a +0 short sword.
* * * LOW HITPOINT WARNING * * *
😨 HP[-3]
You take 3 damage, and now have 16/35 hp.
You closely miss the kobold brigand. The kobold brigand barely misses you.
Your magical contamination has completely faded away.
You barely miss the kobold brigand. The kobold brigand misses you.
You barely miss the kobold brigand.
The kobold brigand hits you with a +0 short sword.
* * * LOW HITPOINT WARNING * * *
😨 HP[-5]
You take 5 damage, and now have 11/35 hp.
Casting: Iskenderun's Mystic Blast (extremely dangerous; 19% risk of failure)
Confirm with . or Enter, or press ? or * to list all spells.
Aiming: Searing Ray (safe; 2% risk of failure)
Press: ? - help, Shift-Dir - straight line, f - kobold brigand
Aim: a kobold brigand, wielding a +0 short sword and quivering curare-tipped darts (moderately wounded, 72% to hit)
The searing ray hits the kobold brigand. (Press . to maintain the ray.)
* * * LOW HITPOINT WARNING * * *
The kobold brigand closely misses you. 😨 HP[-2]
You take 2 damage, and now have 9/35 hp.
The searing ray hits the kobold brigand.
* * * LOW HITPOINT WARNING * * *
The kobold brigand hits you with a +0 short sword!
* * * LOW HITPOINT WARNING * * *
😱 HP[-8]
You take 8 damage, and now have 1/35 hp.
MASSIVE DAMAGE!! (PAUSE) Without enough magic to sustain it, your searing ray dissipates.
The kobold brigand hits you with a +0 short sword.
You die...

Skill      XL: |  1  2  3  4 |
---------------+-------------+-----
Polearms       | 1 2 |  2.8
Spellcasting   | 4 |  4.3
Dodging        | |  2.1
Stealth        | |  1.5

Action                   |  1- 3 |  4- 6 || total
-------------------------+-------+-------++-------
Melee: Spear             |       |    15 ||    15
 Cast: Magic Dart        |    45 |    26 ||    71
       Summon Small Mamm |     1 |       ||     1
       Searing Ray       |       |     2 ||     2
       Iskenderun's Myst |       |     3 ||     3
Armor: Robe              |     1 |    14 ||    15
Dodge: Dodged            |     1 |    28 ||    29

Levels and vault maps discovered:
D:1:      dpeg_arrival_shelter, layout_rooms,
          shapermc_ecumenical_altar_flowoftime, serial_shops,
          nicolae_shop_crystal, minmay_3d_cube
D:2:      layout_loops_cross, serial_glass, glass_columns_a, glass_columns_b,
          supply_closet_lemuel
D:3:      layout_rooms, gammafunk_temple_overflow_pools, gup_sewer_entry_glass,
          serial_shops, nicolae_shop_crystal
Sewer:    kennysheep_pipe_town

Notes
Turn   | Place    | Note
-------+----------+-------------------------------------------
     0 | D:1      | spaghetti the Djinni Conjurer began the quest for the Orb.
     0 | D:1      | Reached XP level 1. HP: 15/15 MP: 0/0
     0 | D:1      | magus.rc [v1.9.6]
    36 | D:1      | Found Dyvu's Antique Weapon Shoppe.
   343 | D:1      | Reached XP level 2. HP: 19/21 MP: 0/0
   614 | D:1      | Found a faded altar of an unknown god.
   848 | D:2      | Reached skill level 1 in Polearms
   993 | D:2      | Reached XP level 3. HP: 21/25 MP: 0/0
   993 | D:2      | Learned a level 1 spell: Summon Small Mammal
  1594 | D:2      | Reached XP level 4. HP: 28/31 MP: 0/0
  2096 | D:3      | Reached skill level 2 in Polearms
  2129 | D:3      | Found a glowing drain.
  2148 | D:3      | Reached skill level 4 in Spellcasting
  2156 | D:3      | HP: 4/31 [adder (2)]
  2436 | Sewer    | Entered a sewer
  2457 | Sewer    | Reached XP level 5. HP: 31/35 MP: 0/0
  2457 | Sewer    | Learned a level 2 spell: Ensorcelled Hibernation
  2511 | Sewer    | Noticed a kobold brigand
  2511 | Sewer    | Noticed a kobold brigand
  2517 | Sewer    | Killed a kobold brigand
  2525 | Sewer    | HP: 1/35 [kobold brigand/+0 short sword (7)]
  2526 | Sewer    | Slain by a kobold brigand

Vanquished Creatures
  A kobold brigand (Sewer)
  A gnoll (D:2)
  6 adders
  2 dart slugs (D:2)
  An orc (D:2)
  3 giant cockroaches (D:3)
  5 goblins
  3 hobgoblins
  7 bats
  3 frilled lizards
  8 kobolds
  2 rats (D:1)
42 creatures vanquished.

Vanquished Creatures (others)
  A plant (Sewer)
1 creature vanquished.

Grand Total: 43 creatures vanquished

Table legend:
 A = Non-vault XP
 B = Vault XP
 C = Vault XP percentage of total XP
 D = Non-vault monster count
 E = Vault monster count
 F = Vault count percentage of total count
                 A         B        C        D         E       F
            +---------+---------+-------+---------+---------+-------
      Total |     102 |     144 |  58.5 |      27 |      15 |  35.7
            +---------+---------+-------+---------+---------+-------
        D:1 |      11 |       3 |  21.4 |       9 |       3 |  25.0
        D:2 |      76 |       0 |   0.0 |      16 |       0 |   0.0
        D:3 |      15 |      32 |  68.1 |       2 |       5 |  71.4
      Sewer |       0 |     109 | 100.0 |       0 |       7 | 100.0
            +---------+---------+-------+---------+---------+-------

Illustrated notes

Table legend:
 A = Kills in this place as a percentage of kills in entire the game.
 B = Kills by you in this place as a percentage of kills by you in the entire game.
 C = Kills by friends in this place as a percentage of kills by friends in the entire game.
 D = Other kills in this place as a percentage of other kills in the entire game.
 E = Experience gained in this place as a percentage of experience gained in the entire game.
 F = Experience gained in this place divided by the number of levels of this place that you have seen.
                   A       B       C       D       E      F
               +-------+-------+-------+-------+-------+----------------------
         Total | 100.0 | 100.0 |   N/A |   N/A | 100.0 |  61.5
       Dungeon |  83.3 |  83.3 |   N/A |   N/A |  55.7 |  45.7
         Sewer |  16.7 |  16.7 |   N/A |   N/A |  44.3 | 109.0
               +-------+-------+-------+-------+-------+----------------------

Table legend: (Time is in decaauts)
 A = Elapsed time spent in this place.
 B = Non-inter-level travel time spent in this place.
 C = Inter-level travel time spent in this place.
 D = Time resting spent in this place.
 E = Time spent auto-exploring this place.
 F = Levels seen in this place.
 G = Mean time per level.
                   A        B        C        D        E       F      G
               +--------+--------+--------+--------+--------+-----+--------+
         Total |   2525 |   2448 |     77 |    529 |   1716 |   4 |  631.2 |
       Dungeon |   2435 |   2358 |     77 |    529 |   1653 |   3 |  811.7 |
         Sewer |     89 |     89 |      0 |      0 |     63 |   1 |   89.0 |
               +--------+--------+--------+--------+--------+-----+--------+

Top non-repeatable levels by time:
     D:2: 1282 daAuts
     D:1: 807 daAuts
     D:3: 346 daAuts
   Sewer: 89 daAuts
